cohdb
Replays
Latest Replays
All Replays
Popular Replays
Top Player Replays
Match Explorer
How It Works
Community
CoH3 Stats
Reddit
Sign in to upload your games and track your stats! →
Sign in with Steam
Match 32580196
Unlisted
Match 32580196
Overview
Messages
Build Orders
End
Selects Australian Defense Battlegroup
Selects Australian Light Infantry Section
Australian Light Infantry Section
Construct Section Command Post
Vickers Machine Gun Team
Selects Defensive Tactics
ML 3-inch Mortar Team
Construct Platoon Command Post
Unlock Bishop Self-propelled Artillery
Selects CMP 15cwt Supply Run
Selects Reinforced Resource Caches
Bishop Self-propelled Artillery
Bishop Self-propelled Artillery
Construct Company Command Post
Deroldsen
gUi
GSK7717
GHOST_23
Papa Chulo
xebec.8895
0
0
Comments
sign in to comment!
No comments posted yet!